 Dungeon Crawl Stone Soup version 0.26-a0-812-g31a745ddcd (webtiles) character file.

Game seed: 9972720043853013450

75 kae the Ruffian (level 4, -1/36 HPs)
             Began as a Draconian Transmuter on Dec 1, 2020.
             Slain by a leopard gecko (5 damage)
             ... on level 3 of the Dungeon.
             The game lasted 00:00:49 (2098 turns).

kae the Ruffian (Draconian Transmuter)              Turns: 2098, Time: 00:00:50

Health: -1/36      AC:  5    Str: 14    XL:     4   Next: 11%
Magic:  5/7        EV: 12    Int: 13    God:
Gold:   84         SH:  0    Dex: 11    Spells: 3/7 levels left

rFire    . . .     SeeInvis .     - Unarmed
rCold    . . .     Faith    .   (no shield)
rNeg     . . .     Spirit   .   (armour unavailable)
rPois    .         Reflect  .   (helmet currently unavailable)
rElec    .         Harm     .   (no cloak)
rCorr    .         Rampage  .   (no gloves)
MR       .....                  (boots currently unavailable)
Stlth    +.........             (no amulet)
HPRegen  0.12/turn              (no ring)
MPRegen  0.10/turn              (no ring)

@: lethally poisoned (-1 -> -5), appendages (expiring)
A: unfitting armour, horns 2, talons 2, cold-blooded, AC +5
a: End Transformation


You were on level 3 of the Dungeon.
You had grown temporary horns.
You had grown temporary talons.
You visited 1 branch of the dungeon, and saw 3 of its levels.

You collected 84 gold pieces.

Inventory:

Jewellery
 k - an uncursed amulet of faith {unknown}
 o - an uncursed ring of poison resistance
Scrolls
 a - 2 scrolls of immolation {unknown}
 b - a scroll of enchant weapon {unknown}
 c - 2 scrolls of amnesia {unknown}
 f - a scroll of enchant armour {unknown}
 g - 2 scrolls of identify {unknown}
 h - 2 scrolls of fear {unknown}
 n - a scroll of magic mapping {unknown}
 p - 2 scrolls of remove curse {unknown}
 q - a scroll of random uselessness {unknown}
Potions
 d - a potion of attraction {unknown}
 e - a potion of cancellation {unknown}
 i - a potion of brilliance {unknown}
 j - a potion of berserk rage {unknown}
 l - a potion of heal wounds {unknown}
 m - 2 potions of curing {unknown}


   Skills:
 + Level 1.9 Fighting
 + Level 2.1 Dodging
 * Level 3.7 Unarmed Combat
 + Level 2.3 Spellcasting
 * Level 2.8 Transmutations


You had 3 spell levels left.
You knew the following spells:

 Your Spells              Type           Power        Failure   Level
a - Beastly Appendage     Tmut           #.....       8%          1
b - Spider Form           Tmut/Pois      #.........   38%         3

Your spell library contained the following spells:

 Spells                   Type           Power        Failure   Level
 Wereblood                Tmut           #.......     12%         2
 Ice Form                 Ice/Tmut       #.......     80%         4
 Blade Hands              Tmut           #.........   91%         5


Dungeon Overview and Level Annotations

Branches:
Dungeon (3/15)

Altars:


Innate Abilities, Weirdness & Mutations

Your plain brown scales are hard. (AC +5)
You cannot fit into any form of body armour.
You are cold-blooded and may be slowed by cold attacks.
You have a pair of horns on your head.
You have razor-sharp toenails.


Message History

The adder is almost dead.
The adder barely misses you.
Casting: Beastly Appendage (safe; 8% risk of failure)
Confirm with . or Enter, or press ? or * to list all spells.
You grow a pair of large bovine horns.
Your feet morph into talons.
You feel sick. The adder bites you.
* * * LOW HITPOINT WARNING * * *
The adder barely misses you. The adder bites you but does no damage.
You hit the adder.
You kill the adder!
You have reached level 4!
You feel stronger.
You feel sick.
You hit the leopard gecko. Your headbutt misses the leopard gecko.
The leopard gecko is heavily wounded.
Your transformation is almost over.
The leopard gecko bites you.
* * * LOW HITPOINT WARNING * * *
The leopard gecko bites you.
You die...

###########
#...@l....#
#.####....#
##.### ...#
##....##
....
#......+
...
#...#.## .#
#...#+## #
#####..(.#
#..[.....#


You could see a leopard gecko.

Vanquished Creatures
  An adder (D:3)
  A worm (D:2)
  6 dart slugs
  3 leopard geckos
  A ball python (D:1)
  4 giant cockroaches
  5 goblins
  4 hobgoblins
  2 quokkas (D:2)
  6 bats
  A frilled lizard (D:2)
  6 kobolds
  3 rats
43 creatures vanquished.

Notes
Turn   | Place    | Note
-------+----------+-------------------------------------------
     0 | D:1      | kae the Draconian Transmuter began the quest for the Orb.
     0 | D:1      | Reached XP level 1. HP: 16/16 MP: 3/3
    83 | D:1      | Reached XP level 2. HP: 23/23 MP: 3/5
   797 | D:1      | Reached XP level 3. HP: 25/28 MP: 4/6
   802 | D:1      | Learned a level 3 spell: Spider Form
  2097 | D:3      | Reached XP level 4. HP: 8/36 MP: 5/7
  2098 | D:3      | Slain by a leopard gecko

Illustrated notes

Levels and vault maps discovered:
D:1:      dpeg_arrival_tiny_k, layout_basic
D:2:      layout_basic
D:3:      layout_basic, xom_redecorated, gammafunk_temple_overflow_statue

Skill      XL: |  1  2 |
---------------+-------+-----
Dodging        | 2 |  2.1
Fighting       | |  1.9
Unarmed Combat | |  3.7
Spellcasting   | |  2.3
Transmutations | |  2.8

Action                   |  1- 3 |  4- 6 || total
-------------------------+-------+-------++-------
Melee: Unarmed           |   136 |     1 ||   137
       Kick              |    16 |       ||    16
       Headbutt          |     8 |       ||     8
       Punch             |     1 |       ||     1
       Tailslap          |    16 |       ||    16
 Cast: Beastly Appendage |    26 |       ||    26
 Stab: Sleeping          |     1 |       ||     1
Armor: Skin              |    52 |       ||    52
Dodge: Dodged            |    75 |       ||    75

Table legend: (Time is in decaauts)
 A = Elapsed time spent in this place.
 B = Non-inter-level travel time spent in this place.
 C = Inter-level travel time spent in this place.
 D = Time resting spent in this place.
 E = Time spent auto-exploring this place.
 F = Levels seen in this place.
 G = Mean time per level.
                   A        B        C        D        E       F      G
               +--------+--------+--------+--------+--------+-----+--------+
         Total |   2089 |   2053 |     36 |     14 |   1720 |   3 |  696.3 |
       Dungeon |   2089 |   2053 |     36 |     14 |   1720 |   3 |  696.3 |
               +--------+--------+--------+--------+--------+-----+--------+

Top non-repeatable levels by time:
     D:1: 1087 daAuts
     D:2: 896 daAuts
     D:3: 105 daAuts
